 Dungeon Crawl Stone Soup version 0.28-a0-980-g3664467d6e (webtiles) character file.

Game seed: 17916512513003630298

53 GregHouse the Chopper (level 3, -1/34 HPs)
             Began as a Hill Orc Monk on Dec 2, 2021.
             Succumbed to an orc's poison
             ... on level 2 of the Dungeon.
             The game lasted 00:06:25 (1363 turns).

GregHouse the Chopper (Hill Orc Monk)               Turns: 1363, Time: 00:06:26

Health: -1/34      AC:  9    Str: 15    XL:     3   Next: 89%
Magic:  3/3        EV:  7    Int: 10    God:
Gold:   18         SH:  0    Dex: 13    Spells: 2/2 levels left

rFire   . . .      SeeInvis .   a - +0 hand axe
rCold   . . .      Faith    .   (no shield)
rNeg    . . .      Spirit   .   n - +0 chain mail
rPois   .          Reflect  .   (no helmet)
rElec   .          Harm     .   b - +0 cloak
rCorr   .          Rampage  .   (no gloves)
Will    .....                   (no boots)
Stlth   ..........              (no amulet)
HPRegen 0.11/turn               (no ring)
MPRegen 0.08/turn               (no ring)

@: lethally poisoned (-1 -> -13)
A: no striking features
a: no special abilities


You were on level 2 of the Dungeon.
You visited 1 branch of the dungeon, and saw 3 of its levels.

You collected 84 gold pieces.
You spent 66 gold pieces at shops.

Inventory:

Hand Weapons
 a - a +0 hand axe (weapon)
Armour
 b - a +0 cloak (worn)
 n - a +0 chain mail (worn)
Magical Staves
 p - a staff of poison
Jewellery
 m - a +6 ring of intelligence
Scrolls
 c - 3 scrolls of identify {unknown}
 g - a scroll of enchant armour {unknown}
 h - 2 scrolls of teleportation {unknown}
 i - a scroll of acquirement {unknown}
 o - a scroll of magic mapping {unknown}
Potions
 d - a potion of heal wounds {unknown}
 e - 2 potions of curing {unknown}
 f - a potion of brilliance {unknown}
 j - a potion of cancellation {unknown}
 k - a potion of ambrosia {unknown}
 l - a potion of mutation {unknown}


   Skills:
 + Level 4.4 Fighting
 + Level 5.2 Axes
 + Level 0.3 Armour
 - Level 2.4 Dodging
 + Level 2.0 Stealth


You had 2 spell levels left.
You didn't know any spells.
Your spell library contained the following spells:

 Spells                   Type           Power      Damage    Failure   Level
 Cause Fear               Hex            0%         N/A       100%        4
 Dragon Form              Tmut           0%         N/A       100%        7
 Dragon's Call            Summ           0%         N/A       100%        9


Dungeon Overview and Level Annotations

Branches:
Dungeon (3/15)

Altars:

Shops:
D:2 *


Message History

The orc hits you with a +1 short sword of venom.
The orc closely misses you. The orc completely misses you.
You climb upwards.
You feel extremely sick.
There is a stone staircase leading down here.
You hit the orc but do no damage. x2
* * * LOW HITPOINT WARNING * * *
You feel very sick. The orc hits you but does no damage.
The orc closely misses you.
You barely miss the orc. You closely miss the orc.
* * * LOW HITPOINT WARNING * * *
You feel very sick. The orc closely misses you.
The orc hits you but does no damage.
You hit the orc.
The orc is lightly wounded.
You hit the orc.
* * * LOW HITPOINT WARNING * * *
You feel sick. The orc barely misses you. x2
You hit the orc.
The orc is heavily wounded.
You hit the orc but do no damage.
* * * LOW HITPOINT WARNING * * *
You feel sick. The orc hits you but does no damage. The orc closely misses you.
You hit the orc.
You kill the orc!
You hit the orc.
You kill the orc!
* * * LOW HITPOINT WARNING * * *
You feel sick.
Your Stealth skill increases to level 2!
You hit the orc.
The orc is almost dead.
You hit the orc but do no damage.
* * * LOW HITPOINT WARNING * * *
You feel sick. The orc barely misses you. The orc hits you but does no damage.
You are more poisoned.
You hit the orc.
You kill the orc!
You hit the orc but do no damage.
You die...

#.......# #.#
##.####.## #.# #..#
#.# ##.# #.# #.####.#
#......# #.######
##########.# #.##..
#...o@)....# #.##.#
#.########## #.##.#
#.# #.##.# #.# #.##.#
#.## #.##.# #..#
#.##.#
##.###########.##.##
# #.................#
#
#######..####.##..###


You could see an orc.

Vanquished Creatures
  An adder (D:2)
  3 dart slugs
  3 orcs (D:2)
  4 endoplasms (D:1)
  A giant cockroach (D:1)
  5 goblins
  3 hobgoblins
  A quokka (D:1)
  2 ball pythons
  5 bats (D:1)
  5 frilled lizards
  4 rats (D:1)
37 creatures vanquished.

Notes
Turn   | Place    | Note
-------+----------+-------------------------------------------
     0 | D:1      | GregHouse the Hill Orc Monk began the quest for the Orb.
     0 | D:1      | Reached XP level 1. HP: 19/19 MP: 1/1
   143 | D:1      | Reached XP level 2. HP: 26/27 MP: 2/2
   423 | D:1      | Reached XP level 3. HP: 33/33 MP: 3/3
   989 | D:2      | Reached skill level 5 in Axes
  1075 | D:2      | Found Omoahulla's Assorted Antiques.
  1208 | D:2      | Bought a scroll labelled CEITWA YHYIBEY for 23 gold pieces
  1208 | D:2      | Bought a bubbling coppery potion for 20 gold pieces
  1208 | D:2      | Bought a scroll labelled HISMALE LEADGH for 23 gold pieces
  1363 | D:2      | Succumbed to an orc's poison

Illustrated notes

Levels and vault maps discovered:
D:1:      sevenhm_arrival_forest_fort_small_6, layout_rooms,
          minmay_misc_feat_rugged, minmay_tall_x
D:2:      layout_loops_ring, serial_shops, nicolae_shop_crystal
D:3:      layout_basic, shapermc_ecumenical_altar_mp_ritualfount

Skill      XL: |  1  2  3 |
---------------+----------+-----
Fighting       | 4 |  4.4
Axes           | 5 |  5.2
Stealth        | 2 |  2.0
Armour         | |  0.3
Dodging        | |  2.4

Action                   || total
-------------------------++-------
Melee: Hand axe          ||    84
 Stab: Sleeping          ||     1
Armor: Robe              ||    10
       Leather armour    ||     6
       Chain mail        ||    18
Dodge: Dodged            ||    51

Table legend: (Time is in decaauts)
 A = Elapsed time spent in this place.
 B = Non-inter-level travel time spent in this place.
 C = Inter-level travel time spent in this place.
 D = Time resting spent in this place.
 E = Time spent auto-exploring this place.
 F = Levels seen in this place.
 G = Mean time per level.
                   A        B        C        D        E       F      G
               +--------+--------+--------+--------+--------+-----+--------+
         Total |   1373 |   1364 |      9 |    100 |    833 |   3 |  457.7 |
       Dungeon |   1373 |   1364 |      9 |    100 |    833 |   3 |  457.7 |
               +--------+--------+--------+--------+--------+-----+--------+

Top non-repeatable levels by time:
     D:1: 842 daAuts
     D:2: 519 daAuts
     D:3: 11 daAuts
